 Dungeon Crawl Stone Soup version 0.29.1-15-g9cfb28693d (webtiles) character file.

Game seed: 13073549701005458307

95252 Peloso the Fencer (level 15, -9/129 HPs)
             Began as a Minotaur Fighter on Mar 2, 2023.
             Was the Champion of Okawaru.
             Killed from afar by a black draconian knight (27 damage)
             ... with a shard of ice
             ... on level 3 of the Abyss.
             The game lasted 01:06:42 (25464 turns).

Peloso the Fencer (Minotaur Fighter)               Turns: 25464, Time: 01:06:43

Health: -9/129     AC: 37    Str: 39    XL:     15   Next: 65%
Magic:  15/17      EV: 13    Int:  5    God:    Okawaru [******]
Gold:   2127       SH: 22    Dex: 13    Spells: 14/14 levels left

rFire   + + .      SeeInvis +   a - +7 long sword of Circularity {vorpal, rF+}
rCold   . . .      Faith    .   d - +0 tower shield
rNeg    . . .      Spirit   .   H - +4 plate armour {Will+}
rPois   .          Reflect  .   T - +0 hat of the Three Beasts {rF+ Str+4 Stlth+}
rElec   .          Harm     .   i - +0 cloak
rCorr   +          Rampage  .   Q - +2 pair of gloves of the Hall of Blades {+Blink rCorr Stlth-}
Will    +++..                   L - +2 pair of boots {Fly}
Stlth   ..........              y - amulet of Yqi Elaa {Will+ Regen+ Str+4 SInv Stlth+}
HPRegen 1.11/turn               j - +4 ring of protection
MPRegen 0.15/turn               r - +6 ring of strength

@: heroic, flying, studying Throwing
A: horns 2, retaliatory headbutt, [frail 1]
a: Renounce Religion, Evoke Blink, Heroism, Finesse, Duel


You were on level 3 of the Abyss.
You worshipped Okawaru.
Okawaru was exalted by your worship.
You visited 4 branches of the dungeon, and saw 23 of its levels.
You visited the Abyss 1 time.
You also visited: Ossuary and Bailey.

You collected 2440 gold pieces.
You spent 313 gold pieces at shops.

Inventory:

Hand Weapons
 a - the +7 long sword of Circularity (weapon) {vorpal, rF+}
   (Okawaru gifted it to you on level 3 of the Lair of Beasts)

   It inflicts extra damage upon your enemies.
   rF:        It protects you from fire.
 c - a +2 demon blade of flaming
 t - a +0 demon trident
Armour
 d - a +0 tower shield (worn)
 i - a +0 cloak (worn)
 u - a +3 chain mail of cold resistance
 H - a +4 plate armour of willpower (worn)
 L - a +2 pair of boots of flying (worn)
 Q - the +2 pair of gloves of the Hall of Blades (worn) {+Blink rCorr Stlth-}
   (You bought it in a shop on level 2 of the Orcish Mines)

   +Blink:    It lets you blink.
   rCorr:     It protects you from acid and corrosion.
   Stlth:     It makes you less stealthy.
 T - the +0 hat of the Three Beasts (worn) {rF+ Str+4 Stlth+}
   (Okawaru gifted it to you on level 5 of the Lair of Beasts)

   Str:       It affects your strength (+4).
   rF:        It protects you from fire.
   Stlth:     It makes you more stealthy.
Jewellery
 f - a ring of magical power
 j - a +4 ring of protection (left hand)
 r - a +6 ring of strength (right hand)
 s - a ring of poison resistance
 y - the amulet of Yqi Elaa (around neck) {Will+ Regen+ Str+4 SInv Stlth+}
   (You found it on level 5 of the Dungeon)

   [amulet of regeneration]

   Str:       It affects your strength (+4).
   SInv:      It lets you see invisible.
   Regen:     It increases your rate of health regeneration.
   Will:      It increases your willpower.
   Stlth:     It makes you more stealthy.
 V - a ring of willpower
 Y - a ring of protection from fire
Wands
 h - a wand of iceblast (2)
Scrolls
 b - 2 scrolls of brand weapon
 k - 7 scrolls of magic mapping
 n - 5 scrolls of teleportation
 o - a scroll of immolation
 p - 3 scrolls of poison
 v - a scroll of fog
 w - a scroll of noise
 x - 2 scrolls of acquirement
 I - 5 scrolls of identify
 P - 2 scrolls of blinking
 S - 2 scrolls of fear
Potions
 g - 5 potions of invisibility
 l - 2 potions of cancellation
 q - 8 potions of curing
 D - 5 potions of haste
 J - a potion of might


   Skills:
 + Level 16.1(21.1) Fighting
 + Level 17.3(22.3) Long Blades
 + Level 2.4(7.4) Maces & Flails
 + Level 15.7(20.7) Armour
 + Level 5.3(10.3) Dodging
 + Level 3.2(8.2) Stealth
 + Level 17.1(22.1) Shields
 + Level 4.2 Invocations
 + Level 0.9 Evocations


You had 14 spell levels left.
You didn't know any spells.
Your spell library contained the following spells:

 Spells                   Type           Power      Damage    Failure   Level
 Magic Dart               Conj           0%         1d3       95%         1
 Static Discharge         Conj/Air       0%         3-3/arc   98%         2
 Mephitic Cloud           Conj/Pois/Air  0%         N/A       100%        3
 Dispel Undead            Necr           0%         3d6       100%        4
 Fulminant Prism          Conj/Hex       0%         3d6       100%        4
 Iskenderun's Mystic Bla  Conj/Tloc      0%         2d3       100%        4
 Sticky Flame             Conj/Fire      0%         2d3       100%        4
 Fireball                 Conj/Fire      0%         3d3       100%        5
 Lee's Rapid Deconstruct  Erth           0%         3d5*      100%        5
 Starburst                Conj/Fire      0%         6d3       100%        6
 Borgnjor's Revivificati  Necr           0%         N/A       100%        8
 Ignition                 Fire           0%         3d3       100%        8
 Necromutation            Tmut/Necr      0%         N/A       100%        8
 Death's Door             Necr           0%         N/A       100%        9
 Call Imp                 Summ           Unusable   N/A       N/A         2

Dungeon Overview and Level Annotations

Branches:
Dungeon (15/15)            Temple (1/1) D:5            Lair (5/5) D:8
 Shoals (0/4) Lair:2        Snake (0/4) Lair:2        Slime (0/5) Lair:5
    Orc (2/2) D:9             Elf (0/3) Orc:2        Vaults (0/5) D:14
Ossuary (visited)          Bailey (visited)
 Depths: D:15

Altars:
Ashenzari
Cheibriados
Dithmenos
Elyvilon
Fedhas
Gozag
Hepliaklqana
Kikubaaqudgha
Makhleb
Nemelex Xobeh
Okawaru
Qazlal
Ru
Sif Muna
Trog
Uskayaw
Vehumet
Wu Jian
Xom
Yredelemnul
Zin
The Shining One
Jiyva

Shops:
Orc:2 :[(*

Portals:
Trove: D:12 (give +5 demon trident)

Annotations:
Temple 2 transporters
Lair:4 Casa


Innate Abilities, Weirdness & Mutations

You have a pair of horns on your head.
You reflexively headbutt those who attack you in melee.
[You are frail. (-10% HP)]


Message History

You block the air elemental's attack. x2
You closely miss the air elemental.
The air elemental is heavily damaged.
You block the air elemental's attack.
The black draconian knight breathes lightning at you.
The bolt of lightning hits you! The air elemental closely misses you.
You hit the air elemental.
The air elemental is severely damaged.
You block the air elemental's attack.
You slice the air elemental!!
You destroy the air elemental!
Okawaru accepts your kill.
You feel the corruption within you wane somewhat.
You feel robust.
Unknown command.
You hit the raiju. You headbutt the raiju!!
The raiju is heavily wounded.
You block the raiju's attack.
The black draconian knight gestures at you while chanting.
You block the shard of ice.
You hear a shout!
Unknown command.
You closely miss the raiju. You headbutt the raiju!!
The raiju is almost dead.
You block the raiju's attack.
A necromancer comes into view.
It is wielding a +0 dagger and wearing a +0 robe of positive energy.
Unknown command.
You slash the raiju!
You kill the raiju!
Okawaru accepts your kill.
The black draconian knight breathes lightning at you.
The bolt of lightning hits you!!
You see here a raiju corpse.
The black draconian knight gestures at you while chanting.
The shard of ice hits you!!!
* * * LOW HITPOINT WARNING * * *
You feel more confident with your borrowed prowess.
The black draconian knight casts a spell at you.
The shard of ice hits you!!
You die...

.p. #.. ...####.##
#.#. ....#
....q....# #
.........#.#### .
. ...........# #..
#'###### ##
#...####q#.......#
#§X@....... ... #
#...####.#.#.###
#. #.. #... .. . .
###.#.####. #
..#.... ... .
########## ## . .
. .. # ## . # .
....


You could see a starcursed mass and a black draconian knight.

Vanquished Creatures
  Donald (Orc:2)
  Louise (D:15)
  2 orc warlords
  Nessos (D:15)
  Azrael (Orc:2)
  A white draconian (Abyss:3)
  A blizzard demon (Abyss:3)
  An ettin (Orc:1)
  Erolcha (Orc:1)
  8 hydras
  4 boulder beetles
  5 catoblepae
  2 dancing weapons (D:14)
  3 two-headed ogres
  4 centaur warriors
  9 death yaks
  A tengu warrior (D:14)
  4 hell knights (D:15)
  Amaemon (D:8)
  Sonja (Orc:1)
  A wretched star (Abyss:3)
  A sixfirhy (D:15)
  An obsidian statue (D:15)
  Pikel (D:6)
  6 orc knights
  3 deep elf pyromancers
  3 orc sorcerers
  6 ugly things
  A worldbinder (Abyss:3)
  A necromancer (D:14)
  4 cyclopes
  14 elephants
  3 manticores
  A merfolk siren (Lair:2)
  A rust devil (D:15)
  10 black mambas
  17 cane toads
  Maggie (D:8)
  A water nymph (shapeshifter) (D:15)
  An unseen horror (Abyss:3)
  2 gargoyles
  An orange demon (D:8)
  A smoke demon (Abyss:3)
  2 freezing wraiths
  A rime drake (shapeshifter) (D:15)
  4 komodo dragons
  A rime drake (Lair:4)
  2 hellwings (D:15)
  A kobold demonologist (D:12)
  3 red devils (D:15)
  2 ice devils (D:15)
  A polar bear (Lair:4)
  4 trolls
  3 merfolk (Lair:2)
  12 slime creatures
  7 raiju (Abyss:3)
  Sigmund (D:2)
  A vampire (D:12)
  An air elemental (Abyss:3)
  5 basilisks
  72 yaks
  2 wyverns (Lair:2)
  3 ynoxinuls
  2 wraiths
  3 fire elementals (Orc:2)
  2 steam dragons
  A chaos spawn (Abyss:3)
  4 vampire mosquitoes (D:13)
  5 wargs
  An acid dragon (D:10)
  13 water moccasins
  2 large abominations (Abyss:3)
  3 hell hounds (Orc:2)
  Duvessa (D:6)
  31 orc warriors
  A black bear (D:5)
  A sky beast (D:6)
  An ice beast (D:5)
  7 ogres
  11 wolves
  10 centaurs
  4 lemures
  4 elf zombies (D:4)
  2 kobold brigands
  2 necrophages
  6 bullfrogs
  7 wights (D:8)
  3 scorpions
  Dowan (D:6)
  3 killer bees (D:9)
  8 howler monkeys
  2 electric eels (Lair:5)
  3 starcursed masses (Abyss:3)
  6 jellies
  2 lava snakes (Lair:5)
  A quasit (Abyss:3)
  13 orc priests
  Crazy Yiuf (D:7)
  4 gnoll boudas
  3 human zombies
  3 hounds
  An iron imp (Abyss:3)
  Natasha (twice) (D:2)
  2 human skeletons (D:4)
  8 iguanas
  16 orc wizards
  3 polar bear simulacra (D:14)
  3 wolf simulacra (D:14)
  2 yak simulacra (D:14)
  3 small abominations (Abyss:3)
  4 mummies (Ossuary)
  Robin (D:2)
  9 adders
  14 gnolls
  A river rat (D:8)
  3 white imps
  6 ufetubi
  2 adder zombies (Ossuary)
  2 worms
  6 dart slugs
  75 orcs
  2 ball pythons (D:3)
  7 bats
  21 endoplasms
  5 giant cockroaches
  12 goblins
  12 hobgoblins
  4 jackals (D:2)
  7 quokkas
  A frilled lizard (D:3)
  A gnoll zombie (Ossuary)
  2 hobgoblin zombies (Ossuary)
  2 jackal zombies (Ossuary)
  31 kobolds
  A kobold zombie (Ossuary)
  2 orc skeletons (D:4)
  2 orc zombies
  4 rats
  2 rat zombies (Ossuary)
  3 river rat simulacra (D:14)
  2 butterflies (Lair:4)
724 creatures vanquished.

Vanquished Creatures (others)
  An orange demon (D:15)
  A tengu conjurer (D:14)
  A chaos spawn (D:15)
  A water moccasin (Lair:4)
  An orc warrior (Orc:2)
  41 fungi
  34 plants
80 creatures vanquished.

Grand Total: 804 creatures vanquished

Notes
Turn   | Place    | Note
-------+----------+-------------------------------------------
     0 | D:1      | Peloso the Minotaur Fighter began the quest for the Orb.
     0 | D:1      | Reached XP level 1. HP: 19/19 MP: 0/0
   404 | D:1      | Reached XP level 2. HP: 27/27 MP: 1/1
   414 | D:1      | Found a faded altar of an unknown god.
  1122 | D:2      | You fall into a shaft and drop 1 floor!
  1134 | D:3      | Reached XP level 3. HP: 32/33 MP: 2/2
  1352 | D:2      | Noticed Robin
  1371 | D:2      | Killed Robin
  1376 | D:2      | Reached XP level 4. HP: 36/40 MP: 3/3
  1558 | D:2      | Noticed Sigmund
  1584 | D:2      | Killed Sigmund
  1585 | D:2      | Reached skill level 5 in Long Blades
  1585 | D:2      | Reached skill level 5 in Armour
  1585 | D:2      | Reached XP level 5. HP: 31/47 MP: 4/4
  1707 | D:2      | Noticed Natasha
  1721 | D:2      | Killed Natasha
  1722 | D:2      | Reached XP level 6. HP: 21/53 MP: 5/5
  2209 | D:2      | Noticed Natasha
  2219 | D:2      | Killed Natasha
  2220 | D:2      | Reached skill level 5 in Shields
  2651 | D:3      | Found a sacrificial altar of Ru.
  2701 | D:3      | Reached skill level 5 in Fighting
  2977 | D:3      | Found a glowing silver altar of Zin.
  3245 | D:4      | Reached XP level 7. HP: 55/61 MP: 6/6
  3251 | D:4      | Found a sand-covered staircase.
  3257 | Ossuary  | Entered an ossuary
  3321 | Ossuary  | Reached skill level 1 in Dodging
  4154 | D:4      | Reached XP level 8. HP: 63/70 MP: 7/7
  4355 | D:5      | Entered Level 5 of the Dungeon
  4619 | D:5      | Identified the +4 rapier "Uzeo" {drain, rElec}
  4664 | D:5      | Found a staircase to the Ecumenical Temple.
  4673 | Temple   | Entered the Ecumenical Temple
  4673 | Temple   | Found a transporter.
  4673 | Temple   | Found a transporter.
  4675 | Temple   | Found a transporter.
  4675 | Temple   | Found a transporter.
  4690 | Temple   | Became a worshipper of Warmaster Okawaru
  5054 | D:5      | Identified the amulet of Yqi Elaa {Will+ Regen+ Str+4 SInv
                  | Stlth+}
  5643 | D:5      | Reached * piety under Okawaru
  5786 | D:6      | Reached XP level 9. HP: 73/79 MP: 8/8
  5817 | D:6      | Noticed Duvessa
  5818 | D:6      | Noticed Dowan
  5847 | D:6      | Killed Duvessa
  5871 | D:6      | Killed Dowan
  5965 | D:6      | Reached skill level 10 in Long Blades
  6048 | D:5      | Reached ** piety under Okawaru
  6201 | D:6      | Noticed Pikel
  6219 | D:6      | Killed Pikel
  7063 | D:7      | Found a runed translucent door.
  7064 | D:7      | Noticed Crazy Yiuf
  7350 | D:7      | Killed Crazy Yiuf
  7359 | D:7      | Identified the +8 hammer of the Lair of Beasts {pain,
                  | rCorr}
  7404 | D:8      | Noticed Maggie
  7438 | D:8      | Killed Maggie
  7539 | D:8      | Reached XP level 10. HP: 80/88 MP: 9/9
  7640 | D:8      | Noticed Amaemon
  7640 | D:8      | Noticed an orange demon
  7658 | D:8      | Killed an orange demon
  7675 | D:8      | Killed Amaemon
  7745 | D:8      | Reached *** piety under Okawaru
  7921 | D:8      | Identified the +7 flail "Muschoan" {venom, +Blink Str+2
                  | Int+2 Stlth-}
  7947 | D:8      | Noticed a death yak
  7951 | D:8      | Noticed a death yak
  7953 | D:8      | Noticed a death yak
  7966 | D:8      | Killed a death yak
  7967 | D:8      | Reached skill level 1 in Invocations
  8003 | D:8      | Killed a death yak
  8016 | D:8      | Killed a death yak
  8119 | D:8      | Found a staircase to the Lair.
  8400 | D:9      | Reached **** piety under Okawaru
  8425 | D:9      | Reached XP level 11. HP: 99/99 MP: 9/11
  8556 | D:9      | Noticed a two-headed ogre
  8580 | D:9      | Killed a two-headed ogre
  8581 | D:9      | Reached skill level 10 in Fighting
  8699 | D:9      | Noticed a two-headed ogre
  8707 | D:9      | Killed a two-headed ogre
  9055 | D:9      | Reached skill level 10 in Armour
  9115 | D:9      | Found a staircase to the Orcish Mines.
  9258 | D:9      | Found a glowing golden altar of the Shining One.
  9398 | D:10     | Entered Level 10 of the Dungeon
  9422 | D:10     | Found a flagged portal.
  9428 | D:10     | Reached ***** piety under Okawaru
  9458 | Bailey   | Entered a bailey
 10426 | D:11     | Reached skill level 1 in Stealth
 10540 | D:11     | Noticed a two-headed ogre
 10561 | D:11     | Killed a two-headed ogre
 10562 | D:11     | Reached skill level 10 in Shields
 11255 | D:12     | Noticed a soul eater
 11501 | D:12     | Reached XP level 12. HP: 87/108 MP: 12/12
 11566 | D:12     | Noticed an eight-headed hydra
 11938 | Lair:1   | Entered Level 1 of the Lair of Beasts
 11999 | Lair:1   | Received a gift from Okawaru
 12523 | Lair:1   | Noticed an eight-headed hydra
 12813 | Lair:2   | Reached skill level 15 in Long Blades
 12872 | Lair:2   | Reached ****** piety under Okawaru
 13028 | Lair:2   | Found a staircase to the Snake Pit.
 13098 | Lair:2   | Received a gift from Okawaru
 13183 | Lair:2   | Identified the +2 cloak of the Black Moon {+Blink rN++
                  | Str-5 Int+4} (Okawaru gifted it to you on level 2 of the
                  | Lair of Beasts)
 13183 | Lair:2   | Received a gift from Okawaru
 13266 | Lair:2   | Noticed a catoblepas
 13285 | Lair:2   | Killed a catoblepas
 13430 | Lair:2   | Found a staircase to the Shoals.
 13461 | Lair:2   | Reached XP level 13. HP: 111/119 MP: 14/14
 14418 | Orc:1    | Entered Level 1 of the Orcish Mines
 14418 | Orc:1    | Noticed Sonja
 14421 | Orc:1    | Killed Sonja
 14613 | Orc:2    | Entered Level 2 of the Orcish Mines
 14614 | Orc:2    | Noticed an ettin
 14639 | Orc:1    | Killed an ettin
 14700 | Orc:2    | Noticed Erolcha
 14701 | Orc:2    | Noticed an orc warlord
 14745 | Orc:1    | Killed Erolcha
 15011 | Orc:1    | Killed an orc warlord
 15175 | Orc:2    | Noticed an orc warlord
 15583 | Orc:2    | Killed an orc warlord
 15654 | Orc:2    | Found Kenin's Antique Weapon Boutique.
 15717 | Orc:2    | Found a staircase to the Elven Halls.
 15807 | Orc:2    | Found Hiun's Book Shoppe.
 15941 | Orc:2    | Noticed Donald
 15979 | Orc:2    | Killed Donald
 16105 | Orc:2    | Identified the +8 morningstar of Hifebih {flame, rCorr
                  | Stlth+} (Okawaru gifted it to you on level 2 of the Orcish
                  | Mines)
 16105 | Orc:2    | Received a gift from Okawaru
 16178 | Orc:2    | Found Orotsic's Antique Armour Emporium.
 16186 | Orc:2    | Bought a pair of polished gloves for 285 gold pieces
 16186 | Orc:2    | Identified the +2 pair of gloves of the Hall of Blades
                  | {+Blink rCorr Stlth-} (You bought it in a shop on level 2
                  | of the Orcish Mines)
 16319 | Orc:2    | Noticed Azrael
 16358 | Orc:2    | Killed Azrael
 16424 | Orc:2    | Found Azuff's General Store.
 16450 | Orc:2    | Bought a scroll of identify for 28 gold pieces
 17260 | D:12     | Found a portal to a secret trove of treasure.
 17686 | Lair:1   | Reached skill level 1 in Maces & Flails
 18440 | Lair:3   | Identified the +7 long sword of Circularity {vorpal, rF+}
                  | (Okawaru gifted it to you on level 3 of the Lair of Beasts)
 18440 | Lair:3   | Received a gift from Okawaru
 18441 | Lair:3   | Reached XP level 14. HP: 107/132 MP: 16/16
 18816 | Lair:4   | Identified 2 scrolls of acquirement
 19313 | Lair:5   | Entered Level 5 of the Lair of Beasts
 19505 | Lair:5   | Identified the +0 hat of the Three Beasts {rF+ Str+4
                  | Stlth+} (Okawaru gifted it to you on level 5 of the Lair of
                  | Beasts)
 19505 | Lair:5   | Received a gift from Okawaru
 19539 | Lair:5   | Reached skill level 5 in Dodging
 20706 | Lair:5   | Reached skill level 15 in Armour
 20712 | Lair:5   | Reached skill level 15 in Fighting
 20720 | Lair:5   | Reached skill level 15 in Shields
 21015 | Lair:5   | Found a viscous altar of Jiyva.
 21018 | Lair:5   | Found a staircase to the Slime Pits.
 21019 | Lair:5   | Identified the +9 rapier of Esodam {speed, rF+ SInv}
 21316 | Lair:5   | Found the +3 pair of seven-league boots {Rampage+∞}
 21562 | Lair:5   | Received a gift from Okawaru
 22493 | D:13     | Found an iron altar of Okawaru.
 22535 | D:13     | Reached XP level 15. HP: 122/141 MP: 17/17
 23587 | D:14     | Found a gate to the Vaults.
 24354 | D:15     | Entered Level 15 of the Dungeon
 24374 | D:15     | Noticed Nessos
 24402 | D:15     | Killed Nessos
 24833 | D:15     | Received a gift from Okawaru
 24917 | D:15     | Noticed Louise
 24931 | D:15     | Killed Louise
 24983 | D:15     | Found a burning altar of Makhleb.
 25117 | D:15     | Found a burning altar of Makhleb.
 25117 | D:15     | Found the +14 obsidian axe {vorpal, Mesm Drain Fly SInv}
 25117 | Abyss:3  | Cast into level 3 of the Abyss (hell knight)
 25447 | Abyss:3  | Paralysed by an air elemental for 1 turns
 25448 | Abyss:3  | Noticed a black draconian knight
 25464 | Abyss:3  | Killed from afar by a black draconian knight

Illustrated notes

Levels and vault maps discovered:
D:1:      dpeg_arrival_another_circle, layout_basic,
          shapermc_ecumenical_altar_ellora, minmay_hedge_maze,
          grunt_decor_junction, minmay_distorted
D:2:      layout_loops_ring, hangedman_decor_growths, uniq_robin, uniq_sigmund,
          uniq_natasha
D:3:      layout_rooms, mainiacjoe_overflow_catch_the_wave
D:4:      layout_loops_ring, nicolae_ossuary_entry_catacombs
D:5:      minmay_chambers_of_threes, layout_basic,
          minmay_temple_entry_water_ring, minmay_manual_monstrance
D:6:      layout_cave_pools, uniq_pikel, uniq_duvessa
D:7:      layout_basic, uniq_crazy_yiuf_cottage
D:8:      layout_loops_ring, dpeg_lair_monsters, uniq_maggie, uniq_amaemon
D:9:      lemuel_slime, layout_basic, nicolae_tso_swordbearing_angel,
          hiddenorc1_lemuel, amethyst_killhole
D:10:     layout_long_grid, enter_bailey_2
D:11:     layout_basic, roderic_lattice_a
D:12:     layout_loops_corners, nicolae_trove_entry_crossroad,
          hangedman_abyss_or_decor_lesser_grid
D:13:     layout_long_grid, okawaru_metal_pillars_1_2
D:14:     layout_basic, erik_vaults_1, chequers_serial_rivers_room_b,
          eino_house_with_fridge
D:15:     grunt_enter_depths_magical_seal, layout_cave_pools, nrook_uturn,
          grunt_guarded_unrand_obsidian_axe, uniq_louise, uniq_nessos
Temple:   hellmonk_temple_divided_pantheon
Lair:1:   layout_cave_pods
Lair:2:   layout_cave_pods, elwin_shoals_entry_stream,
          minmay_snake_entry_six_corridors
Lair:3:   layout_roguey, chequers_serial_rivers_large_b
Lair:4:   layout_hall_layers, lemuel_fruit_fields, serial_bayou_shore_b
Lair:5:   evilmike_catoblepas_cave, layout_layer_cave, slime_entry_1,
          nicolae_lair_liquid_snakes
Orc:1:    layout_caves, uniq_sonja
Orc:2:    grunt_orc_gardens, layout_caves, grunt_orc_garden, grunt_orc_garden,
          grunt_orc_garden, grunt_orc_garden, uniq_erolcha, uniq_donald,
          uniq_azrael
Abyss:3:  base: D:5, hangedman_abyss_feature_spike,
          doesnt_abyss_rune_brain_food, evilmike_abyss_exit_7,
          hangedman_classic_abyss_death

Skill      XL: |  1  2  3  4  5  6  7  8  9 10 11 12 13 14 15 |
---------------+----------------------------------------------+-----
Armour         | 4 5 6 7 8 9 11 12 14 15 | 15.7
Shields        | 4 5 6 7 8 10 11 13 15 17 | 17.1
Fighting       | 4 5 7 8 9 10 12 14 15 16 | 16.1
Long Blades    | 3 5 6 7 9 11 13 14 15 16 17 | 17.3
Dodging        | 1 2 3 4 5 |  5.3
Invocations    | 1 2 3 4 |  4.2
Stealth        | 1 3 |  3.2
Maces & Flails | 1 2 |  2.4
Evocations     | |  0.9

Action                   |  1- 3 |  4- 6 |  7- 9 | 10-12 | 13-15 || total
-------------------------+-------+-------+-------+-------+-------++-------
Melee: Long sword        |    64 |     8 |       |       |   888 ||   960
       Headbutt          |     9 |    30 |   119 |   340 |   493 ||   991
       Falchion          |       |   180 |   577 |  1106 |   448 ||  2311
       Scimitar          |       |       |       |       |   256 ||   256
       Morningstar       |       |       |       |       |    18 ||    18
Invok: Heroism           |       |       |     4 |    23 |    36 ||    63
Evoke: Wand              |       |       |       |       |     8 ||     8
  Use: Scroll            |     4 |     2 |     5 |     7 |    11 ||    29
       Potion            |     3 |       |       |       |     8 ||    11
 Stab: Petrified         |       |       |       |       |    12 ||    12
Armor: Scale mail        |     2 |       |       |       |       ||     2
       Chain mail        |    39 |   106 |   304 |    60 |       ||   509
       Plate armour      |       |       |       |   463 |   976 ||  1439
Dodge: Dodged            |    33 |    64 |   175 |   345 |   589 ||  1206
Block: Buckler           |    16 |    44 |   131 |   290 |   171 ||   652
       Kite shield       |       |       |       |       |   797 ||   797
       Tower shield      |       |       |       |       |   128 ||   128
